 Dungeon Crawl Stone Soup version 0.27.1-2-g3b301248ec (console) character file.

Game seed: 9564410407841384437

9 Banquo the Sneak (level 2, -1/25 HPs)
             Began as a Djinni Delver on Sept 24, 2021.
             Slain by a centaur warrior zombie (2 damage)
             ... on level 5 of the Dungeon.
             The game lasted 00:00:34 (49 turns).

Banquo the Sneak (Djinni Delver)                      Turns: 49, Time: 00:00:35

Health: -1/25      AC:  3    Str: 11    XL:     2   Next: 25%
Gold:   14         EV: 12    Int: 11    God:
                   SH:  0    Dex: 14

rFire    + + .     SeeInvis .   a - +0 falchion
rCold    x . .     Faith    .   (no shield)
rNeg     . . .     Spirit   .   b - +0 leather armour
rPois    ∞         Reflect  .   (no helmet)
rElec    .         Harm     .   (no cloak)
rCorr    .         Rampage  .   (no gloves)
Will     .....                  (boots unavailable)
Stlth    ++........             (no amulet)
HPRegen  0.08/turn              (no ring)
MPRegen  0.00/turn              (no ring)

@: flying, hasted, very quick
A: sickness immunity, fire resistance 2, cold vulnerability 1, float, innate
caster, hp casting, extra vitality 1
a: no special abilities


You were on level 5 of the Dungeon.
You visited 1 branch of the dungeon, and saw 1 of its levels.

You collected 14 gold pieces.

Inventory:

Hand Weapons
 a - a +0 falchion (weapon)
Armour
 b - a +0 leather armour (worn)
Wands
 g - a wand of digging (3)
Scrolls
 c - a scroll of fog
 d - a scroll of magic mapping
 e - a scroll of fear
 h - a scroll of enchant weapon {unknown}
 i - a scroll of acquirement {unknown}


   Skills:
 - Level 3.0 Fighting
 * Level 2.1 Long Blades
 - Level 2.1 Dodging
 - Level 4.1 Stealth
 * Level 0.8 Spellcasting


You had 2 spell levels left.
You didn't know any spells.
Your spell library was empty.

Dungeon Overview and Level Annotations

Branches:
Dungeon (5/15)
 Temple: D:4-7

Altars:


Innate Abilities, Weirdness & Mutations

You are immune to sickness and miasma.
You are immune to poison.
Your flesh is very heat resistant. (rF++)
You are vulnerable to cold. (rC-)
You float through the air rather than walking.
You learn spells naturally, not from books.
Your magical power is your life essence.
You have superior vitality. (+4 HP)


Message History

The centaur warrior zombie hits you but does no damage.
The centaur warrior zombie barely misses you.
You hit the centaur warrior zombie.
The centaur warrior zombie is lightly damaged.
You hit the gnoll but do no damage. You hit the gnoll.
The gnoll is lightly wounded.
The gnoll barely misses you.
You slash the gnoll!
The gnoll is severely wounded.
You hit the gnoll.
The gnoll is severely wounded.
The gnoll closely misses you.
You hit the gnoll.
You kill the gnoll!
Your Long Blades skill increases to level 2!
You have reached level 2!
You hit the centaur warrior zombie.
The centaur warrior zombie is moderately damaged.
The centaur warrior zombie hits you.
* * * LOW HITPOINT WARNING * * *
The centaur warrior zombie kicks you but does no damage.
You barely miss the centaur warrior zombie.
The centaur warrior zombie is moderately damaged.
The centaur warrior zombie hits you.
* * * LOW HITPOINT WARNING * * *
The centaur warrior zombie closely misses you.
You hit the centaur warrior zombie but do no damage.
The centaur warrior zombie is moderately damaged.
The centaur warrior zombie hits you.
* * * LOW HITPOINT WARNING * * *
The centaur warrior zombie kicks you but does no damage.
You hit the centaur warrior zombie.
The centaur warrior zombie is moderately damaged.
The centaur warrior zombie hits you but does no damage.
The centaur warrior zombie kicks you but does no damage.
You hit the centaur warrior zombie.
The centaur warrior zombie is moderately damaged.
The centaur warrior zombie hits you.
You die...

#..# #.Z#
#..###... #..#..#
######...Z#
.........##
#######[#####
#...........#
#.#####.###Z##.#.#
#.#.@........
#.#.#.##.#.#.#
#.#...##.#.#.#
#.#.... ...#.#
#.#...###..#.#
#.#........#.#
#.##.#.....#.#
#.........>#.#
####.........#


You could see a centaur warrior zombie.

Vanquished Creatures
  A gnoll (D:5)
1 creature vanquished.

Notes
Turn   | Place    | Note
-------+----------+-------------------------------------------
     0 | D:5      | Banquo the Djinni Delver began the quest for the Orb.
     0 | D:5      | Reached XP level 1. HP: 20/20 MP: 0/0
    25 | D:5      | Noticed a centaur warrior zombie
    45 | D:5      | Reached XP level 2. HP: 8/25 MP: 0/0
    47 | D:5      | HP: 1/25 [centaur warrior zombie (2)]
    49 | D:5      | Slain by a centaur warrior zombie

Illustrated notes

Levels and vault maps discovered:
D:5:      layout_basic, nzn_hepliaklqana_mist_gate, nemelex_diamond_rough_becter

Skill      XL: |  1 |
---------------+----+-----
Long Blades    | 2 |  2.1
Fighting       | |  3.0
Dodging        | |  2.1
Stealth        | |  4.1
Spellcasting   | |  0.8

Action                   || total
-------------------------++-------
Melee: Falchion          ||    14
  Use: Potion            ||     1
Armor: Leather armour    ||     8
Dodge: Dodged            ||     5
